 Dungeon Crawl Stone Soup version 0.31-a0-187-gba352fbbf7 (webtiles) character file.

Game seed: 17276310422471291821

575 qw the Skirmisher (level 7, 0/40 HPs)
             Began as a Deep Elf Hunter on June 22, 2023.
             Was an Initiate of Okawaru.
             Succumbed to a scorpion's poison
             ... on level 5 of the Dungeon.
             The game lasted 00:01:29 (3379 turns).

qw the Skirmisher (Deep Elf Hunter)                 Turns: 3379, Time: 00:01:29

Health: 0/40       AC: 11    Str: 10    XL:     7   Next: 12%
Magic:  9/9        EV: 11    Int: 14    God:    Okawaru [......]
Gold:   259        SH:  0    Dex: 18    Spells: 6/6 levels left

rFire   . . .        Y - +2 shortbow
rCold   . . .        (shield currently unavailable)
rNeg    . . .        a - +0 ring mail
rPois   .            (no helmet)
rElec   .            e - +1 cloak
rCorr   .            (no gloves)
SInv    .            (no boots)
Will    .....        (no amulet)
Stlth   +            d - +4 ring of protection
HPRegen 0.26/turn    (no ring)
MPRegen 0.11/turn

%: no passive effects
@: lethally poisoned (0 -> -12)
A: no striking features
a: Renounce Religion


You were on level 5 of the Dungeon.
You worshipped Okawaru.
Okawaru was noncommittal.
You visited 2 branches of the dungeon, and saw 6 of its levels.

You collected 259 gold pieces.


   Skills:
 - Level 2.5 Fighting
 + Level 10.3 Ranged Weapons
 - Level 1.1 Armour
 - Level 3.2 Dodging
 - Level 1.2 Stealth


You had 6 spell levels left.
You didn't know any spells.
Your spell library was empty.

Inventory:

Hand Weapons
 Y - a +2 shortbow (weapon)
Armour
 a - a +0 ring mail (worn)
 b - a +2 robe of fire resistance
 e - a +1 cloak (worn)
 f - a +0 helmet
Jewellery
 d - a +4 ring of protection (left hand)
Scrolls
 g - 2 scrolls of identify
 h - a scroll of brand weapon {unknown}
Potions
 c - a potion of heal wounds {unknown}

Dungeon Overview and Level Annotations

Branches:
Dungeon (5/15)             Temple (1/1) D:4

Altars:
Cheibriados
Dithmenos
Fedhas
Gozag
Hepliaklqana
Kikubaaqudgha
Nemelex Xobeh
Okawaru
Qazlal
Ru
Sif Muna
Uskayaw
Yredelemnul
Zin

Shops:
D:4 [


Message History

You shoot an arrow. The arrow hits the hound.
You kill the hound!
Okawaru accepts your kill.
You feel sick. The scorpion barely misses you. The orc misses you.
You shoot an arrow. The arrow hits the scorpion.
The scorpion is lightly wounded.
You feel sick. The scorpion stings you.
You are more poisoned.
The scorpion poisons you!
The scorpion stings you but does no damage.
The orc misses you.
You shoot an arrow. The arrow hits the scorpion.
The scorpion is moderately wounded.
You feel very sick.
The scorpion stings you but does no damage.
You shoot an arrow. The arrow hits the scorpion.
The scorpion is severely wounded.
You feel very sick. The orc hits you but does no damage.
The scorpion stings you but does no damage.
The orc barely misses you.
You shoot an arrow. The arrow hits the scorpion.
The scorpion is severely wounded.
You feel very sick.
The scorpion stings you but does no damage.
The orc hits you but does no damage.
You shoot an arrow.
The arrow hits the scorpion but does no damage.
The scorpion is severely wounded.
You feel sick. The scorpion stings you.
You are lethally poisoned!
The scorpion poisons you! The orc hits you with a +0 club.
You shoot an arrow. The arrow barely misses the scorpion.
You feel very sick. The scorpion barely misses you.
The scorpion stings you but does no damage.
The orc barely misses you.
You shoot an arrow. The arrow hits the scorpion.
The scorpion is almost dead.
You die...

# ########## ...
###........#
~~#........#
#~#........#########
..'........##......#
#~#...:....##......#
~~#........##......#
###........##....s.#####
................@o......
..............####.#####
..............# .#
...........#### #
...........#
############


You could see a scorpion and an orc.

Vanquished Creatures
  An ogre (D:4)
  A phantom (D:4)
  2 scorpions
  A hound (D:5)
  2 iguanas
  An orc wizard (D:5)
  4 gnolls (D:5)
  5 adders
  2 shadow imps
  2 worms
  5 dart slugs
  5 orcs
  3 bats
  6 endoplasms
  3 giant cockroaches
  3 goblins
  8 hobgoblins
  4 jackals
  3 quokkas
  6 ball pythons
  5 frilled lizards
  6 kobolds
  5 rats
83 creatures vanquished.

Notes
Turn   | Place    | Note
-------+----------+-------------------------------------------
     0 | D:1      | qw the Deep Elf Hunter began the quest for the Orb.
     0 | D:1      | Reached XP level 1. HP: 12/12 MP: 3/3
     0 | D:1      | 0 ||| qw: Version: 0.3-a-9-g12657ce
     0 | D:1      | 0 ||| qw: Game counter: 2001
     0 | D:1      | 0 ||| qw: Always use a shield: true
     0 | D:1      | 0 ||| qw: God list: Okawaru
     0 | D:1      | 0 ||| qw: Allow faded altars: false
     0 | D:1      | 0 ||| qw: Do Orc after D:15 true
     0 | D:1      | 0 ||| qw: Do second Lair branch before Depths: true
     0 | D:1      | 0 ||| qw: Lair rune preference: random
     0 | D:1      | 0 ||| qw: Plans: Normal
     0 | D:1      | 0 ||| PLANNING D:1-11
    99 | D:1      | Reached skill level 6 in Ranged Weapons
    99 | D:1      | Reached XP level 2. HP: 16/16 MP: 4/4
   186 | D:1      | 186 ||| DROPPING +1 sling of freezing.
   688 | D:1      | 688 ||| UPGRADING to +0 cloak.
   693 | D:1      | 693 ||| UPGRADING to +4 ring of protection.
   694 | D:1      | 694 ||| READING scroll labelled FOITOL VOZAW.
   695 | D:1      | 695 ||| READING scroll labelled RYIGRUT RUSM.
   696 | D:1      | 696 ||| READING scroll labelled ROINKA LOMI.
   697 | D:1      | 697 ||| READING 2 scrolls labelled ELIQOD DISYS.
   698 | D:1      | 698 ||| READING scroll of enchant armour.
   698 | D:1      | 698 ||| ENCHANTING +0 cloak.
   699 | D:1      | 699 ||| READING scroll labelled YKUONT UBLUP.
   700 | D:1      | 700 ||| READING scroll labelled OSICWI NEMPO.
   701 | D:1      | 701 ||| DROPPING scroll of butterflies.
   764 | D:2      | Reached XP level 3. HP: 20/20 MP: 5/5
  1036 | D:2      | Reached skill level 7 in Ranged Weapons
  1274 | D:2      | 1274 ||| UPGRADING to +0 ring mail.
  1284 | D:2      | 1284 ||| DROPPING +0 leather armour.
  1285 | D:2      | 1285 ||| DROPPING ring of magical power.
  1286 | D:2      | 1286 ||| READING scroll labelled JIQAUX MIPS.
  1501 | D:3      | Noticed a scorpion
  1515 | D:3      | Killed a scorpion
  1516 | D:3      | Reached skill level 8 in Ranged Weapons
  1516 | D:3      | Reached XP level 4. HP: 19/25 MP: 6/6
  1807 | D:3      | Found a stormy altar of Qazlal.
  1816 | D:3      | Found a hazy altar of Hepliaklqana.
  1937 | D:3      | 1937 ||| READING scroll labelled JUKLOARPHUMEAXT.
  1945 | D:3      | Reached XP level 5. HP: 29/29 MP: 7/7
  1990 | D:3      | 1990 ||| READING scroll labelled AMANOCO PORESCHOIS.
  2043 | D:4      | 2043 ||| READING scroll of enchant weapon.
  2043 | D:4      | 2043 ||| ENCHANTING +1 shortbow.
  2147 | D:4      | Reached skill level 9 in Ranged Weapons
  2239 | D:4      | Found a shimmering blue altar of Sif Muna.
  2301 | D:4      | Found Xananago's Armour Shoppe.
  2311 | D:4      | 2311 ||| SHOPLISTING +1 pair of gloves of Stained Beauty
                  | {rC- Str+4 Int+3 Slay+3} (515 gold, have 194).
  2311 | D:4      | 2311 ||| SHOPLISTING +2 pair of gloves of strength (301
                  | gold, have 194).
  2317 | D:4      | Noticed a phantom
  2333 | D:4      | Killed a phantom
  2334 | D:4      | Reached XP level 6. HP: 33/36 MP: 8/8
  2371 | D:4      | Found a staircase to the Ecumenical Temple.
  2372 | D:4      | 2372 ||| PLANNING TEMPLE
  2372 | D:4      | 2372 ||| DRINKING 2 bubbling sapphire potions.
  2412 | D:4      | 2412 ||| READING 2 scrolls of identify.
  2412 | D:4      | 2412 ||| IDENTIFYING murky pink potion
  2413 | D:4      | 2413 ||| DROPPING potion of lignification.
  2414 | D:4      | 2414 ||| DROPPING potion of attraction.
  2423 | Temple   | Entered the Ecumenical Temple
  2441 | Temple   | 2441 ||| PLANNING OKAWARU WORSHIP
  2487 | Temple   | Became a worshipper of Warmaster Okawaru
  2488 | Temple   | 2488 ||| PLANNING D:1-11
  2555 | D:4      | Reached skill level 10 in Ranged Weapons
  3017 | D:5      | Entered Level 5 of the Dungeon
  3074 | D:5      | Reached skill level 3 in Dodging
  3109 | D:5      | Reached skill level 1 in Armour
  3111 | D:5      | Reached XP level 7. HP: 26/40 MP: 9/9
  3125 | D:5      | 3125 ||| FLEEEEING.
  3126 | D:5      | 3126 ||| FLEEEEING.
  3131 | D:5      | 3131 ||| STAIRDANCE
  3168 | D:4      | 3168 ||| READING scroll labelled WEH IF GAASA.
  3342 | D:5      | Found a shadowy altar of Dithmenos.
  3377 | D:5      | HP: 7/40 [orc/+0 club (4)]
  3378 | D:5      | HP: 3/40 [poisoned by a scorpion]
  3379 | D:5      | Succumbed to a scorpion's poison

Levels and vault maps discovered:
D:1:      dpeg_arrival_another_circle, layout_basic, serial_aquarium,
          aquarium_bridge_square [aquarium_subvault_balcony,
          aquarium_subvault_bridge, aquarium_subvault_bridge,
          aquarium_subvault_wall], aquarium_window_fake, aquarium_window_2,
          aquarium_view_2e
D:2:      layout_basic
D:3:      layout_basic, mainiacjoe_overflow_alcove_4, amcnicky_altar_gilded
D:4:      layout_layer_cave, mainiacjoe_overflow_small_starburst,
          minmay_temple_entry_butterflies, serial_shops,
          nicolae_shop_gibbet_a_chance
D:5:      layout_basic, kennysheep_little_box
Temple:   cyrus_temple_forest

Skill      XL: |  1  2  3  4  5  6 |
---------------+-------------------+-----
Ranged Weapons | 6 8 9 10 | 10.3
Fighting       | 2 |  2.5
Dodging        | 3 |  3.2
Armour         | 1 |  1.1
Stealth        | |  1.2

Action                     |  1- 3 |  4- 6 |  7- 9 || total
---------------------------+-------+-------+-------++-------
   Fire: Shortbow          |   140 |   135 |    29 ||   304
    Use: Scroll            |     8 |     4 |     1 ||    13
         Potion            |       |     1 |       ||     1
 Armour: Leather armour    |    14 |       |       ||    14
         Ring mail         |    11 |    15 |    12 ||    38
  Dodge: Dodged            |    23 |    26 |    11 ||    60

Table legend:
 A = Non-vault XP
 B = Vault XP
 C = Vault XP percentage of total XP
 D = Non-vault monster count
 E = Vault monster count
 F = Vault count percentage of total count
                 A         B        C        D         E       F
            +---------+---------+-------+---------+---------+-------
      Total |     822 |       0 |   0.0 |      83 |       0 |   0.0
            +---------+---------+-------+---------+---------+-------
        D:1 |      38 |       0 |   0.0 |      22 |       0 |   0.0
        D:2 |      31 |       0 |   0.0 |      16 |       0 |   0.0
        D:3 |     136 |       0 |   0.0 |      17 |       0 |   0.0
        D:4 |     409 |       0 |   0.0 |      14 |       0 |   0.0
        D:5 |     208 |       0 |   0.0 |      14 |       0 |   0.0
            +---------+---------+-------+---------+---------+-------
